 Dungeon Crawl Stone Soup version 0.24.0-1-gfbc8707122 (webtiles) character file.

Game seed: 12700597443024399115, levelgen mode: deterministic

313530 Peloso the Hoplite (level 20, -2/191 HPs)
             Began as a Minotaur Fighter on Oct 27, 2019.
             Was the Champion of Okawaru.
             Killed from afar by a deep elf mage (35 damage)
             ... with a bolt of lightning
             ... on level 3 of the Elven Halls.
             The game lasted 02:10:06 (40072 turns).

Peloso the Hoplite (Minotaur Fighter)              Turns: 40072, Time: 02:10:11

Health: -2/191     AC: 24    Str: 29    XL:     20   Next: 46%
Magic:  21/21      EV: 16    Int:  5    God:    Okawaru [******]
Gold:   2783       SH: 28    Dex: 19    Spells: 19/19 levels left

rFire    + . .     SeeInvis .   a - +4 demon blade (flame)
rCold    + . .     Gourm    .   c - +1 large shield of Voide {Dex+6}
rNeg     . . .     Faith    .   x - +4 chain mail of the Fifty Coins {rPois rCorr}
rPois    +         Spirit   .   k - +1 hat {MR+}
rElec    .         Reflect  .   T - scarf {rC+ rF+}
rCorr    +         Harm     .   L - +1 pair of gloves {Str+3}
MR       +++..                  (no boots)
Stlth    ..........             C - amulet of regeneration
HPRegen  0.81/turn              K - ring of the Oligarchy {MR+ Str+3}
MPRegen  0.17/turn              M - +3 ring of protection

@: drained
A: retaliatory headbutt, horns 2, blurry vision 1, clumsy 1, weak 1
}: 2/15 runes: decaying, serpentine
a: Heroism, Finesse, Renounce Religion


You were on level 3 of the Elven Halls.
You worshipped Okawaru.
Okawaru was exalted by your worship.
You were not hungry.

You visited 7 branches of the dungeon, and saw 35 of its levels.
You visited the Abyss 1 time.
You also visited: Gauntlet, Ice Cave and Volcano.

You collected 3913 gold pieces.
You spent 1130 gold pieces at shops.

Inventory:

Hand Weapons
 a - a +4 demon blade of flaming (weapon)
 b - a +1 double sword of venom
Armour
 c - the +1 large shield of Voide (worn) {Dex+6}
   (Okawaru gifted it to you on level 9 of the Dungeon)

   It affects your dexterity (+6).
 k - a +1 hat of magic resistance (worn)
 x - the +4 chain mail of the Fifty Coins (worn) {rPois rCorr}
   (Okawaru gifted it to you on level 4 of the Lair of Beasts)

   It protects you from poison.
   It provides partial protection from all sources of acid and corrosion.
 B - the +7 chain mail of Bedevilment {Str+4 Stlth+}
   (You took it off a deep elf master archer on level 3 of the Elven Halls)

   It affects your strength (+4).
   It makes you more stealthy.
 L - a +1 pair of gloves of strength (worn)
 T - a scarf of resistance (worn)
Jewellery
 j - an uncursed ring of flight
 t - an uncursed ring of magical power
 A - the amulet of Daic {RegenMP MR+}
   (You took it off a deep elf master archer on level 3 of the Elven Halls)

   [amulet of magic regeneration]

   It increases your magic regeneration.
   It affects your resistance to hostile enchantments.
 C - an amulet of regeneration (around neck)
 K - the ring of the Oligarchy (left hand) {MR+ Str+3}
   (You bought it in a shop on level 3 of the Snake Pit)

   [ring of protection from magic]

   It affects your strength (+3).
   It affects your resistance to hostile enchantments.
 M - a +3 ring of protection (right hand)
Wands
 I - a wand of digging (2)
Scrolls
 e - a scroll of silence
 m - 5 scrolls of fog
 n - 5 scrolls of identify
 p - a scroll of summoning
 r - 11 scrolls of remove curse
 s - 9 scrolls of teleportation
 v - 2 scrolls of enchant weapon
 y - a scroll of amnesia
 E - 4 scrolls of blinking
 O - a scroll of noise
 P - 2 scrolls of magic mapping
Potions
 d - 5 potions of might
 g - 13 potions of curing
 h - a potion of heal wounds
 i - 3 potions of brilliance
 l - 5 potions of flight
 o - 3 potions of mutation
 q - 4 potions of agility
 u - a potion of cancellation
 w - 2 potions of magic
 J - a potion of berserk rage
 Q - 3 potions of haste
Comestibles
 f - 55 rations
 z - 3 chunks of flesh


   Skills:
 + Level 19.1(18.3) Fighting
 + Level 19.7(18.8) Long Blades
   Level 0.4(0.0) Axes
 + Level 15.6(14.8) Armour
 + Level 10.1(9.4) Dodging
 + Level 2.8(2.3) Stealth
 + Level 25.6(24.7) Shields
 + Level 3.6(3.0) Invocations
 + Level 1.1(0.6) Evocations


You had 19 spell levels left.
You didn't know any spells.
Your spell library contained the following spells:

 Spells                   Type           Power        Failure   Level  Hunger
 Confusing Touch          Hex            #.....       88%         1    ##.....
 Flame Tongue             Conj/Fire      #....        88%         1    ##.....
 Freeze                   Ice            #...         88%         1    ##.....
 Magic Dart               Conj           #...         88%         1    ##.....
 Summon Butterflies       Summ           #.......     88%         1    ##.....
 Summon Small Mammal      Summ           #...         88%         1    ##.....
 Blink                    Tloc           N/A          95%         2    ###....
 Call Imp                 Summ           #.......     95%         2    ###....
 Corpse Rot               Necr           N/A          95%         2    ###....
 Slow                     Hex            #.......     95%         2    ###....
 Throw Flame              Conj/Fire      #.....       95%         2    ###....
 Throw Frost              Conj/Ice       #.....       95%         2    ###....
 Call Canine Familiar     Summ           #.......     99%         3    ####...
 Confuse                  Hex            #.......     99%         3    ####...
 Conjure Flame            Conj/Fire      #.......     99%         3    ####...
 Gell's Gravitas          Tloc           #.........   99%         3    ####...
 Inner Flame              Hex/Fire       #.......     99%         3    ####...
 Mephitic Cloud           Conj/Pois/Air  #.......     99%         3    ####...
 Ozocubu's Armour         Chrm/Ice       #.......     99%         3    ####...
 Recall                   Summ/Tloc      N/A          99%         3    ####...
 Stone Arrow              Conj/Erth      #.....       99%         3    ####...
 Summon Guardian Golem    Hex/Summ       #.......     99%         3    ####...
 Vampiric Draining        Necr           #.........   99%         3    ####...
 Animate Dead             Necr           N/A          100%        4    #####..
 Ice Form                 Ice/Tmut       #.......     100%        4    #####..
 Petrify                  Tmut/Erth      #.......     100%        4    #####..
 Sticky Flame             Conj/Fire      #.......     100%        4    #####..
 Summon Ice Beast         Ice/Summ       #.......     100%        4    #####..
 Summon Lightning Spire   Summ/Air       #.......     100%        4    #####..
 Throw Icicle             Conj/Ice       #.......     100%        4    #####..
 Borgnjor's Vile Clutch   Necr/Erth      #.........   100%        5    ######.
 Dispel Undead            Necr           #.......     100%        5    ######.
 Fireball                 Conj/Fire      #.........   100%        5    ######.
 Metabolic Englaciation   Hex/Ice        #.........   100%        5    ######.
 Summon Mana Viper        Hex/Summ       #.......     100%        5    ######.
 Yara's Violent Unravell  Hex/Tmut       #.........   100%        5    ######.
 Bolt of Cold             Conj/Ice       #.........   100%        6    #######
 Death Channel            Necr           #.........   100%        6    #######
 Freezing Cloud           Conj/Ice/Air   #.........   100%        6    #######
 Ozocubu's Refrigeration  Ice            #.........   100%        6    #######
 Simulacrum               Ice/Necr       #.........   100%        6    #######
 Malign Gateway           Summ/Tloc      #.........   100%        7    #######
 Monstrous Menagerie      Summ           #.........   100%        7    #######
 Spellforged Servitor     Conj/Summ      #.........   100%        7    #######
 Summon Greater Demon     Summ           #.........   100%        7    #######
 Summon Hydra             Summ           #.........   100%        7    #######
 Summon Horrible Things   Summ           #.........   100%        8    #######


Dungeon Overview and Level Annotations

Branches:
Dungeon (15/15)            Temple (1/1) D:5            Lair (6/6) D:9
  Swamp (4/4) Lair:4        Snake (4/4) Lair:3        Slime (0/5) Lair:6
    Orc (2/2) D:10            Elf (3/3) Orc:2        Vaults (0/5) D:13
 Depths (0/5) D:15          IceCv (visited)         Volcano (visited)
Gauntlet (visited)

Altars:
Ashenzari
Cheibriados
Dithmenos
Elyvilon
Fedhas
Gozag
Hepliaklqana
Kikubaaqudgha
Makhleb
Nemelex Xobeh
Okawaru
Qazlal
Ru
Sif Muna
Trog
Uskayaw
Vehumet
Wu Jian
Xom
Zin
The Shining One
Beogh
Jiyva
Lugonu

Shops:
D:4 ?(*   D:5 (   D:8 [   Orc:2 %(*}   Snake:3 =}}

Annotations:
Elf:2 2 runed translucent doors


Innate Abilities, Weirdness & Mutations

You reflexively headbutt those who attack you in melee.
You have a pair of horns on your head.
Scrolls take you a little longer to read.
You are clumsy. (Dex -2)
You are weak. (Str -2)


Message History

The earth elemental completely resists.
The bolt of lightning hits the earth elemental.
The earth elemental completely resists.
The bolt of lightning hits you!!
* * * LOW HITPOINT WARNING * * *
The bolt of lightning hits the deep elf mage!!
Really read with blurry vision while enemies are nearby? [Y]es or [N]o only, please.
Really read with blurry vision while enemies are nearby? [Y]es or [N]o only, please.
Really read with blurry vision while enemies are nearby? [Y]es or [N]o only, please.
Really read with blurry vision while enemies are nearby?
You begin reading the scroll.
You continue reading the scroll.
The deep elf death mage gestures wildly while chanting.
The corpses begin to drag themselves along the ground!
The deep elf annihilator gestures wildly while chanting.
The deep elf annihilator blinks!
The deep elf mage casts a spell at you. The bolt of lightning hits you!!
You die...

* #...)...# **,,,,,,,,,,, *
#.......# **,,,,,,,,,,,, *
#.......# *,,,,,,,,,,*** *
##.(...## *,,,,,,,,*** * *
*#+.(.## *,,,,,,,** *
**,##(## ####**,,,.,,,* *
**,*##)## ##.E *,,...,,**
*##,**#()(# ##(E###e....,,*
*#.#* ##)(# #*x)@e§.....,,**
*,######()###)()#e......,,,*
,**#.....)[()(x.#e......,,,**
**
#......))(####.......,,,,***
* # #....))...#
*#......,,,,,,*** ##
#.........# *......,,,,,,,,,
.###$........#
*#.(...⌠,,,,,,,,
.'.'.........#
*.....,,,,,,,**
.###.........#
**,,,,,,,,,,,*,


You could see a deep elf death mage, a deep elf elementalist, a deep elf high
priest, an earth elemental, a deep elf mage, a lost soul and 2 crawling corpses.

Vanquished Creatures
  Vashnia (Snake:2)
  the Lernaean hydra (Swamp:4)
  Rupert (Orc:2)
  3 deep elf master archers (Elf:3)
  An Executioner (Abyss:4)
  2 thorn hunters (Swamp:4)
  Agnes (Snake:2)
  Kirke (Swamp:4)
  Frances (D:13)
  Roxanne (Elf:1)
  14 nagarajas (Snake:4)
  Aizul (Snake:1)
  4 deep elf sorcerers
  An orc warlord (Orc:2)
  3 deep elf elementalists (Elf:3)
  The ghost of Kuerar the Basher, a journeyman BaFi of Cheibriados (Lair:4)
  The ghost of TimelessDreamer the Nimble, a journeyman HuWn of Ashenzari (Lair:6)
  2 deep elf demonologists
  Nessos (Lair:5)
  A white draconian (Abyss:4)
  A yellow draconian (Abyss:4)
  A dire elephant (Lair:6)
  6 deep elf annihilators
  A minotaur (Gauntlet)
  An ettin (D:15)
  5 deep elf death magi
  22 hydras
  5 deep elf high priests (Elf:3)
  The ghost of drclinical the Fighter, a novice OgBe of Trog (D:6)
  An ice dragon (Lair:6)
  4 vault guards (D:13)
  A ghost crab (Swamp:2)
  34 naga warriors
  4 shambling mangroves
  7 alligators
  4 centaur warriors
  6 anacondas
  15 dancing weapons
  2 death knights
  2 ogre magi
  14 death yaks
  12 two-headed ogres
  4 shock serpents
  4 hell hogs (Abyss:4)
  6 orc high priests
  Urug (Orc:1)
  17 naga sharpshooters
  14 deep elf knights
  2 skeletal warriors
  2 wretched stars (Abyss:4)
  Nergalle (Lair:1)
  2 salamander mystics
  3 unseen horrors
  A flayed ghost (Abyss:4)
  2 wizards
  A deep troll (D:15)
  11 swamp dragons
  12 deep elf archers
  2 spriggan druids (Swamp:4)
  5 naga ritualists
  Pikel (D:6)
  4 necromancers
  5 orc knights
  An oklob plant (Lair:4)
  2 lindwurms (Lair:6)
  7 mana vipers
  An ugly thing (D:12)
  59 deep elf magi
  9 salamanders
  The ghost of AlterAsc the Firebug, a novice DrFE of Sif Muna (D:7)
  8 orc sorcerers
  5 manticores
  A shining eye (Abyss:4)
  4 cyclopes
  19 elephants
  6 guardian serpents
  22 naga magi
  A molten gargoyle (Lair:6)
  An ice statue (IceCv)
  24 black mambas
  An orange demon (Abyss:4)
  3 gargoyles
  5 torpor snails
  6 komodo dragons
  13 spiny frogs
  2 rime drakes
  5 centaur skeletons
  3 kobold demonologists
  A redback zombie (D:15)
  An efreet (D:15)
  15 freezing wraiths
  6 trolls
  An ancient zyme (Abyss:4)
  A meliai (D:13)
  15 tyrant leeches
  32 slime creatures
  A wolf spider simulacrum (IceCv)
  7 bog bodies
  14 hornets
  13 hippogriffs
  12 dream sheep
  15 blink frogs
  15 flying skulls (Gauntlet)
  2 air elementals (Elf:1)
  A redback (shapeshifter) (Elf:3)
  3 water elementals
  A wyvern (Lair:5)
  2 vampires (D:13)
  Eustachio (D:6)
  7 spriggans
  A shadow (Swamp:1)
  3 wraiths
  35 yaks
  3 fire bats
  5 fire elementals
  A large abomination (Abyss:4)
  3 basilisks
  2 chaos spawn (Abyss:4)
  2 hungry ghosts
  2 small abominations (Abyss:4)
  15 vampire mosquitoes
  A neqoxec (Abyss:4)
  Menkaure (D:7)
  A death yak simulacrum (IceCv)
  A soldier ant (D:14)
  26 swamp worms
  2 wargs
  78 nagas
  19 insubstantial wisps
  2 hell hounds (Volcano)
  An acid dragon (D:15)
  8 water moccasins
  10 porcupines
  An eye of draining (D:15)
  A hornet zombie (D:13)
  41 orc warriors
  12 swamp drakes
  8 ice beasts
  A slave (D:6)
  2 necrophages
  3 phantoms
  5 sky beasts
  20 ogres
  39 wolves
  20 centaurs
  14 crocodiles
  A big kobold (D:8)
  2 elf zombies (Elf:1)
  A gnoll sergeant (D:8)
  A wyvern zombie (D:13)
  24 bullfrogs
  2 earth elementals
  10 killer bees
  3 wights (D:14)
  3 electric eels
  8 crimson imps
  A howler monkey (D:14)
  4 centaur zombies
  4 draconian simulacra (IceCv)
  A quasit (D:9)
  2 bullfrog skeletons
  10 hounds
  6 jellies
  A gnoll shaman (D:8)
  Crazy Yiuf (D:4)
  32 orc priests
  21 orc wizards
  4 iguanas
  10 worker ants
  7 troll simulacra (IceCv)
  A polar bear simulacrum (IceCv)
  A spriggan simulacrum (IceCv)
  A wolf simulacrum (IceCv)
  3 centaur simulacra
  A hound zombie (D:8)
  4 hound skeletons
  A howler monkey zombie (D:7)
  A howler monkey skeleton (D:5)
  21 gnolls
  An ogre simulacrum (IceCv)
  19 adders
  5 naga simulacra (IceCv)
  4 shadow imps
  24 white imps
  An ooze (D:2)
  2 adder zombies
  4 adder skeletons
  A worm (D:3)
  A dart slug (D:1)
  3 leopard geckos
  131 orcs
  4 giant cockroaches
  9 goblins
  9 hobgoblins
  2 jackals (D:8)
  4 quokkas
  10 bats
  5 frilled lizards
  9 kobolds
  A leopard gecko skeleton (D:7)
  6 rats
  6 briar patches (Swamp:4)
  A bush (Lair:4)
  A fire vortex (Lair:1)
  A plant (Lair:6)
1512 creatures vanquished.

Vanquished Creatures (others)
  3 two-headed ogres (Volcano)
  A dancing weapon (Elf:1)
  A deep elf knight (Elf:1)
  An unseen horror (D:15)
  A deep elf mage (Elf:1)
  A blink frog (Swamp:2)
  A bullfrog (D:6)
  A crimson imp (D:15)
  An orc wizard (Orc:2)
  A shadow imp (D:6)
  3 orcs
  2 fungi
  16 plants
  16 toadstools (Lair:4)
49 creatures vanquished.

Grand Total: 1561 creatures vanquished

Notes
Turn   | Place    | Note
-------+----------+-------------------------------------------
     0 | D:1      | Peloso the Minotaur Fighter began the quest for the Orb.
     0 | D:1      | Reached XP level 1. HP: 19/19 MP: 0/0
   110 | D:1      | Reached skill level 4 in Shields
   113 | D:1      | Reached XP level 2. HP: 27/27 MP: 1/1
   618 | D:2      | Reached XP level 3. HP: 6/33 MP: 2/2
   874 | D:2      | Reached XP level 4. HP: 19/40 MP: 3/3
   936 | D:2      | Found an opulent altar of Gozag.
  1044 | D:2      | Noticed a bullfrog
  1060 | D:2      | Killed a bullfrog
  1060 | D:2      | Reached skill level 5 in Shields
  1060 | D:2      | Reached XP level 5. HP: 13/46 MP: 4/4
  1420 | D:2      | Reached skill level 1 in Dodging
  1789 | D:3      | Found a stormy altar of Qazlal.
  1858 | D:3      | Reached skill level 5 in Armour
  2189 | D:4      | Noticed a phantom
  2211 | D:3      | Killed a phantom
  2211 | D:3      | Reached XP level 6. HP: 29/53 MP: 5/5
  2374 | D:4      | Found an ancient bone altar of Kikubaaqudgha.
  2376 | D:4      | Found a white marble altar of Elyvilon.
  2428 | D:4      | Reached skill level 5 in Long Blades
  2458 | D:4      | Found Botuulag's Magic Scroll Shop.
  2474 | D:4      | Bought a scroll of remove curse for 39 gold pieces
  2474 | D:4      | Bought a scroll of brand weapon for 260 gold pieces
  2568 | D:4      | Found a runed translucent door.
  2569 | D:4      | Noticed Crazy Yiuf
  2612 | D:4      | Found Olouro's General Store.
  2673 | D:4      | Found Pynoip's Antique Weapon Emporium.
  2779 | D:4      | Killed Crazy Yiuf
  2779 | D:4      | Reached XP level 7. HP: 45/60 MP: 4/6
  2814 | D:5      | Entered Level 5 of the Dungeon
  2847 | D:5      | Reached skill level 6 in Shields
  3169 | D:5      | Reached skill level 5 in Fighting
  3359 | D:5      | Found a staircase to the Ecumenical Temple.
  3372 | Temple   | Entered the Ecumenical Temple
  3385 | Temple   | Became a worshipper of Warmaster Okawaru
  3408 | D:5      | Reached XP level 8. HP: 68/68 MP: 7/7
  3609 | D:5      | Found Luludic's Antique Weapon Emporium.
  3954 | D:6      | Noticed Pikel
  3968 | D:6      | Killed Pikel
  3968 | D:6      | Reached * piety under Okawaru
  3968 | D:6      | Reached skill level 7 in Shields
  3971 | D:6      | Reached ** piety under Okawaru
  3979 | D:6      | Found an ornate altar of the Wu Jian Council.
  3989 | D:6      | Found a hazy altar of Hepliaklqana.
  4020 | D:6      | Found a sacrificial altar of Ru.
  4021 | D:6      | Found a hide-covered altar of Uskayaw.
  4043 | D:6      | Found a sparkling altar of Nemelex Xobeh.
  4047 | D:6      | Noticed Eustachio
  4097 | D:6      | Killed Eustachio
  4097 | D:6      | Reached XP level 9. HP: 49/79 MP: 5/8
  4150 | D:6      | Found a runed translucent door.
  4150 | D:6      | Found a shimmering altar of Xom.
  4150 | D:6      | Noticed drclinical's ghost (novice OgBe)
  4150 | D:6      | Noticed a +0 mace of chaos
  4533 | D:7      | Found a runed translucent gate.
  4533 | D:7      | Found a runed translucent gate.
  4533 | D:7      | Found a runed translucent gate.
  4533 | D:7      | Noticed AlterAsc's ghost (novice DrFE)
  4539 | D:7      | Noticed a wizard
  4692 | D:7      | Reached skill level 8 in Shields
  4807 | D:7      | Noticed Menkaure
  4817 | D:7      | Killed Menkaure
  5220 | D:7      | Reached skill level 10 in Long Blades
  5477 | D:8      | Found a shimmering blue altar of Sif Muna.
  5506 | D:8      | Reached *** piety under Okawaru
  5506 | D:8      | Reached skill level 9 in Shields
  5689 | D:8      | Reached XP level 10. HP: 56/88 MP: 9/9
  5694 | D:8      | Found a glowing golden altar of the Shining One.
  5725 | D:8      | Found Sele's Armour Boutique.
  5811 | D:8      | Found an iron altar of Okawaru.
  6323 | D:9      | Noticed a death yak
  6323 | D:9      | Noticed a death yak
  6495 | D:4      | Bought a runed long sword for 201 gold pieces
  6523 | D:4      | Bought a scroll of enchant armour for 75 gold pieces
  6692 | D:9      | Reached skill level 10 in Shields
  6701 | D:9      | Noticed a death yak
  6703 | D:9      | Noticed a death yak
  6704 | D:9      | Noticed a death yak
  6704 | D:9      | Noticed a death yak
  6711 | D:9      | Noticed a death yak
  6712 | D:9      | Noticed a death yak
  6713 | D:9      | Noticed a death yak
  6731 | D:8      | Killed a death yak
  6731 | D:8      | Reached **** piety under Okawaru
  6731 | D:8      | Reached skill level 1 in Stealth
  6740 | D:8      | Killed a death yak
  6955 | D:9      | Killed a death yak
  6955 | D:9      | Received a gift from Okawaru
  6976 | D:9      | Killed a death yak
  6976 | D:9      | Reached skill level 1 in Invocations
  7199 | D:9      | Killed a death yak
  7208 | D:9      | Killed a death yak
  7208 | D:9      | Reached skill level 11 in Shields
  7208 | D:9      | Reached XP level 11. HP: 84/95 MP: 8/10
  7215 | D:9      | Killed a death yak
  7215 | D:9      | Reached ***** piety under Okawaru
  7224 | D:9      | Killed a death yak
  7235 | D:9      | Killed a death yak
  7490 | D:9      | Found a staircase to the Lair.
  7503 | D:9      | Noticed a two-headed ogre
  7514 | D:9      | Killed a two-headed ogre
  7612 | D:9      | Killed an unseen horror
  7612 | D:9      | Received a gift from Okawaru
  7612 | D:9      | Reached skill level 5 in Dodging
  7621 | D:9      | Got a bloodstained large shield {god gift}
  7627 | D:9      | Identified the +1 large shield of Voide {Dex+6} (Okawaru
                  | gifted it to you on level 9 of the Dungeon)
  7868 | D:9      | Found a shadowy altar of Dithmenos.
  7984 | D:9      | Found a burning altar of Makhleb.
  8254 | D:10     | Entered Level 10 of the Dungeon
  8380 | D:10     | Found a hazy altar of Hepliaklqana.
  8471 | D:10     | Killed an unseen horror
  8678 | D:10     | Found a staircase to the Orcish Mines.
  8755 | D:10     | Reached skill level 10 in Armour
  8970 | D:11     | Found a gate leading to a gauntlet.
  8994 | D:11     | Reached skill level 12 in Shields
  9008 | Gauntlet | Entered a Gauntlet
  9008 | Gauntlet | Found a transporter.
  9008 | Gauntlet | Found a transporter.
  9010 | Gauntlet | Found a transporter.
  9010 | Gauntlet | Found a transporter.
  9025 | Gauntlet | Found a transporter.
  9029 | Gauntlet | Noticed a sixfirhy
  9032 | Gauntlet | Found a runed translucent door.
  9035 | Gauntlet | Found a transporter.
  9037 | Gauntlet | Found a transporter.
  9091 | Gauntlet | Found a transporter.
  9099 | Gauntlet | Found a transporter.
  9113 | Gauntlet | Found a transporter.
  9117 | Gauntlet | Found a transporter.
  9126 | Gauntlet | Found a transporter.
  9537 | Gauntlet | Reached XP level 12. HP: 83/106 MP: 12/12
  9606 | Gauntlet | Got a faintly humming hat
  9614 | Gauntlet | Identified the cursed +0 hat of Spite {rF- MR+ Int+4} (You
                  | found it in a Gauntlet)
  9900 | Gauntlet | Identified the +9 great sword "Femmacyu" {slice, Fragile
                  | rPois Int-5 SInv}
  9900 | Gauntlet | Identified the ring "Xihitar" {*Contam rF+ rC+ Int+2
                  | Stlth-}
  9900 | Gauntlet | Noticed a minotaur
  9913 | Gauntlet | Killed a minotaur
  9953 | D:11     | Reached skill level 13 in Shields
 10081 | D:11     | Noticed a two-headed ogre
 10089 | D:11     | Killed a two-headed ogre
 10089 | D:11     | Reached skill level 10 in Fighting
 10294 | D:11     | Noticed a two-headed ogre
 10302 | D:11     | Killed a two-headed ogre
 10461 | D:12     | Noticed a two-headed ogre
 10470 | D:12     | Killed a two-headed ogre
 10796 | D:12     | Reached skill level 14 in Shields
 11381 | D:12     | Reached ****** piety under Okawaru
 11704 | D:6      | Paralysed by a +0 mace of chaos for 2 turns
 11710 | D:6      | Received a gift from Okawaru
 11727 | D:6      | Killed drclinical's ghost
 11727 | D:6      | Reached XP level 13. HP: 105/115 MP: 14/14
 11844 | D:7      | Killed AlterAsc's ghost
 12019 | Lair:1   | Entered Level 1 of the Lair of Beasts
 12459 | Lair:1   | You fall into a shaft and drop 1 floor!
 12598 | Lair:1   | Noticed Nergalle
 12612 | Lair:1   | Killed Nergalle
 13251 | Lair:2   | Reached skill level 15 in Shields
 14033 | Lair:3   | Found a dark tunnel.
 14041 | Volcano  | Entered a volcano
 14573 | Lair:3   | Received a gift from Okawaru
 14591 | Lair:3   | Found a frozen archway.
 14601 | IceCv    | Entered an ice cave
 15399 | IceCv    | Found an ancient bone altar of Kikubaaqudgha.
 15413 | IceCv    | Received a gift from Okawaru
 15578 | IceCv    | Reached skill level 15 in Long Blades
 15812 | Lair:3   | Reached skill level 16 in Shields
 15821 | Lair:3   | Reached XP level 14. HP: 91/126 MP: 15/15
 16203 | Lair:3   | Found a staircase to the Snake Pit.
 16735 | Lair:4   | Found a runed translucent door.
 16735 | Lair:4   | Noticed Kuerar's ghost (journeyman BaFi)
 17188 | Lair:4   | Reached skill level 17 in Shields
 17286 | Lair:4   | Found a blossoming altar of Fedhas.
 17437 | Lair:4   | Found a staircase to the Swamp.
 17452 | Lair:4   | Received a gift from Okawaru
 17469 | Lair:4   | Got a fine chain mail {god gift}
 17475 | Lair:4   | Identified the +4 chain mail of the Fifty Coins {rPois
                  | rCorr} (Okawaru gifted it to you on level 4 of the Lair of
                  | Beasts)
 17623 | Lair:4   | Killed Kuerar's ghost
 18588 | D:13     | Noticed Frances
 18607 | D:13     | Killed Frances
 18607 | D:13     | Reached XP level 15. HP: 122/137 MP: 13/16
 18929 | D:13     | Reached skill level 18 in Shields
 18990 | D:13     | Found a gate to the Vaults.
 19013 | D:13     | Received a gift from Okawaru
 19195 | Orc:1    | Entered Level 1 of the Orcish Mines
 19250 | Orc:1    | Noticed Urug
 19265 | Orc:1    | Killed Urug
 19734 | Orc:2    | Entered Level 2 of the Orcish Mines
 19820 | Orc:2    | Found a roughly hewn altar of Beogh.
 19839 | Orc:2    | Noticed Rupert
 19869 | Orc:2    | Killed Rupert
 19927 | Orc:2    | Found Gaculap's Gadget Boutique.
 19952 | Orc:2    | Found Dauzisuy's Assorted Antiques.
 20519 | Orc:2    | Found a staircase to the Elven Halls.
 20583 | Orc:2    | Lost intelligence.
 20809 | Orc:2    | Noticed an orc warlord
 20824 | Orc:2    | Killed an orc warlord
 20881 | Orc:2    | Found a roughly hewn altar of Beogh.
 20899 | Orc:2    | Found Lyabujeg's Food Shop.
 21021 | Orc:2    | Found Posej's Weapon Shoppe.
 21050 | Orc:2    | Reached skill level 19 in Shields
 21267 | Orc:2    | Bought a scroll of enchant weapon for 172 gold pieces
 21268 | Orc:2    | Identified a scroll of acquirement
 21502 | Lair:5   | Noticed Nessos
 21515 | Lair:5   | Received a gift from Okawaru
 21526 | Lair:5   | Killed Nessos
 22296 | Lair:6   | Entered Level 6 of the Lair of Beasts
 22381 | Lair:6   | Found a viscous altar of Jiyva.
 22382 | Lair:6   | Found a staircase to the Slime Pits.
 22490 | Lair:6   | Found a transporter.
 22490 | Lair:6   | Noticed TimelessDreamer's ghost (journeyman HuWn)
 22504 | Lair:6   | Found a transporter.
 22605 | Lair:6   | Received a gift from Okawaru
 22775 | Lair:6   | Reached XP level 16. HP: 147/147 MP: 17/17
 23062 | Lair:6   | Found a runed translucent door.
 23087 | Lair:6   | Paralysed by a hornet for 1 turns
 23555 | Lair:6   | Received a gift from Okawaru
 23560 | Lair:6   | Got a translucent chain mail {god gift}
 23571 | Lair:6   | Identified the +0 chain mail "Pac Uwk" {rElec Stlth+}
                  | (Okawaru gifted it to you on level 6 of the Lair of Beasts)
 23724 | Lair:6   | Killed TimelessDreamer's ghost
 24272 | D:14     | Reached skill level 20 in Shields
 24304 | D:14     | Reached skill level 15 in Fighting
 24719 | D:15     | Entered Level 15 of the Dungeon
 25137 | D:15     | Found a staircase to the Depths.
 25293 | D:15     | Found a sacrificial altar of Ru.
 25636 | Swamp:1  | Entered Level 1 of the Swamp
 25911 | Swamp:1  | Received a gift from Okawaru
 26526 | Swamp:2  | Found a shadowy altar of Dithmenos.
 26942 | Swamp:2  | Received a gift from Okawaru
 27301 | Swamp:3  | Reached XP level 17. HP: 134/158 MP: 18/18
 27414 | Swamp:3  | Reached skill level 21 in Shields
 27448 | Swamp:3  | Got an iridescent flail
 27449 | Swamp:3  | Identified the +2 flail "Minotaur's Bane" {venom, rN+} (You
                  | found it on level 3 of the Swamp)
 27514 | Swamp:3  | Received a gift from Okawaru
 28012 | Swamp:4  | Entered Level 4 of the Swamp
 28421 | Swamp:4  | Noticed the 27-headed Lernaean hydra
 28704 | Swamp:4  | Killed the 21-headed Lernaean hydra
 29118 | Swamp:4  | Received a gift from Okawaru
 29150 | Swamp:4  | Noticed Kirke
 29183 | Swamp:4  | Killed Kirke
 29539 | Swamp:4  | Got a decaying rune of Zot
 29774 | Snake:1  | Entered Level 1 of the Snake Pit
 29795 | Snake:1  | Reached skill level 1 in Evocations
 29967 | Snake:1  | Noticed Aizul
 30001 | Snake:1  | Killed Aizul
 30019 | Snake:1  | Reached skill level 22 in Shields
 30634 | Snake:2  | Received a gift from Okawaru
 30833 | Snake:2  | Noticed Agnes
 30851 | Snake:2  | Killed Agnes
 31057 | Snake:2  | Reached XP level 18. HP: 169/169 MP: 19/19
 31542 | Snake:2  | Noticed Vashnia
 31588 | Snake:2  | Killed Vashnia
 31804 | Snake:3  | Found Ibun Oge's Gadget Shoppe.
 31805 | Snake:3  | Found Goggawk's Jewellery Boutique.
 31808 | Snake:3  | Found Zuthettua's Gadget Shoppe.
 31846 | Snake:3  | Bought the ring of the Oligarchy {MR+ Str+3} for 383 gold
                  | pieces
 32405 | Snake:4  | Entered Level 4 of the Snake Pit
 32761 | Snake:4  | Received a gift from Okawaru
 32773 | Snake:4  | Got an iridescent scimitar {god gift}
 32774 | Snake:4  | Identified the +9 scimitar of Shame {venom, rC+ SInv}
                  | (Okawaru gifted it to you on level 4 of the Snake Pit)
 32920 | Snake:4  | Reached skill level 23 in Shields
 34133 | Snake:4  | Received a gift from Okawaru
 34173 | Snake:4  | Got an emerald-encrusted chain mail {god gift}
 34227 | Snake:4  | Identified the +6 chain mail of the Stars {-Cast MR+ Str+4}
                  | (Okawaru gifted it to you on level 4 of the Snake Pit)
 34953 | Snake:4  | Reached skill level 15 in Armour
 34959 | Snake:4  | Reached XP level 19. HP: 160/179 MP: 20/20
 35069 | Snake:4  | Reached skill level 24 in Shields
 35439 | Snake:4  | Found a blossoming altar of Fedhas.
 36132 | Snake:4  | Got a serpentine rune of Zot
 36628 | Elf:1    | Entered Level 1 of the Elven Halls
 37223 | Elf:1    | Got an ichor-stained short sword
 37224 | Elf:1    | Identified the cursed +0 short sword "Diaxir" {distort,
                  | Int+7} (You found it on level 1 of the Elven Halls)
 37226 | Elf:1    | Cast into level 4 of the Abyss (a distortion unwield)
 37341 | Abyss:4  | Found a corrupted altar of Lugonu.
 37368 | Abyss:4  | Gained mutation: Scrolls take you a little longer to read.
                  | [a neqoxec]
 37395 | Abyss:4  | HP: 5/180 [Executioner (6)]
 37398 | Abyss:4  | Gained mutation: You are clumsy. (Dex -2) [a neqoxec]
 37437 | Elf:1    | Escaped the Abyss
 37751 | Elf:1    | Identified the Handbook of Stolen Souls
 37911 | Elf:1    | Received a gift from Okawaru
 38095 | Elf:1    | Identified Roxanne's Volume of Shape Shifting
 38095 | Elf:1    | Noticed Roxanne
 38125 | Elf:1    | Killed Roxanne
 38440 | Elf:2    | Reached skill level 10 in Dodging
 38513 | Elf:2    | Gained mutation: You are weak. (Str -2) [a neqoxec]
 38520 | Elf:2    | Reached skill level 25 in Shields
 38664 | Elf:2    | Identified Caetoxui's Volume of Conjuration
 38788 | Elf:2    | Reached XP level 20. HP: 130/189 MP: 21/21
 39100 | Elf:2    | Found a runed translucent door.
 39125 | Elf:2    | Found a runed translucent door.
 39174 | Elf:3    | Entered Level 3 of the Elven Halls
 39566 | Elf:3    | Received a gift from Okawaru
 39809 | Elf:3    | Identified the +7 chain mail of Bedevilment {Str+4 Stlth+}
 39809 | Elf:3    | Identified the amulet of Daic {RegenMP MR+}
 39810 | Elf:3    | Identified the +3 robe "Raneary" {Regen+ Str+3 Int+3}
 40068 | Elf:3    | Identified the ring of Homoyst {AC+1 Int+4 Dex-2}
 40072 | Elf:3    | Killed from afar by a deep elf mage

Levels and vault maps discovered:
D:1:      scummos_arrival_hexagon, layout_loops_ring
D:2:      layout_basic, grunt_gozag_breadcrumbs, serial_bayou_pond_d
D:3:      layout_rooms, lemuel_crystal_altar
D:4:      layout_basic, chequers_temple_overflow_statue_of_worship,
          serial_shops, kennysheep_mini, shop, kennysheep_little_box,
          first_ration, uniq_crazy_yiuf_cottage
D:5:      layout_basic, minmay_temple_entry_tees, serial_shops, shop,
          chequers_serial_rivers_marsh
D:6:      layout_rooms, grunt_temple_overflow_open,
          nemelex_xobeh_ov_fountains_minmay, ebering_ghost_xom, uniq_eustachio,
          uniq_pikel
D:7:      layout_basic, gammafunk_ghost_split, grunt_ministairs_2, uniq_menkaure
D:8:      layout_basic, nicolae_overflow_crystal_walls,
          nicolae_tso_carved_into_rock, serial_shops, shop, grunt_pizzeria,
          st_stairs_14, okawaru_trees_1
D:9:      layout_cave_pods, marbit_many_paths, nicolae_dithmenos_the_darkroom,
          dpeg_lair_monsters
D:10:     layout_small_grid, orc_0_dummy, lemuel_centaur_altar
D:11:     layout_cave_pools, gauntlet_entry_generic
D:12:     layout_roguey
D:13:     kennysheep_ambush_hall, layout_rooms, grunt_vaults_entry_fortified,
          eino_jars, uniq_frances
D:14:     layout_long_grid, nicolae_two_hexagons
D:15:     hangedman_depths_entry_civil_slaughter, layout_loops_ring,
          nicolae_ru_path_of_blood, drop_trap, nrook_pool_corridor
Temple:   corrupted_temple
Lair:1:   layout_gridlike, infiniplex_staircase_pool, uniq_nergalle
Lair:2:   statuecave_lemuel, layout_gridlike, grunt_megastairs_4
Lair:3:   layout_chaotic_city, minmay_snake_entry_guardpost_small,
          portal_ice_cave_entry_imps, enter_volcano_1,
          chequers_serial_rivers_micro_d, grunt_forest_large_clearings
Lair:4:   layout_long_grid, minmay_swamp_entry_worms, ebering_ghost_inner_flame,
          tgw_fedhas, lemuel_fruit_tree
Lair:5:   layout_regular_city, grunt_megastairs_2, uniq_nessos
Lair:6:   wormcave, layout_gridlike, slime_altar_1, gammafunk_ghost_arena
Swamp:1:  layout_basic_swamp, evilmike_swamp_ruin_house_4, swamp_pool4
Swamp:2:  layout_basic_swamp, lemuel_altar_in_water, swamp_pool1,
          cheibrodos_swamp_kobolds
Swamp:3:  layout_basic_swamp, serial_swamp_ruin, evilmike_swamp_ruin_house_2,
          evilmike_swamp_ruin_rubble_2
Swamp:4:  swamp_old_school, layout_basic_swamp, uniq_kirke
Snake:1:  layout_basic, uniq_aizul
Snake:2:  layout_basic, uniq_vashnia, uniq_agnes
Snake:3:  layout_onion_interference, minmay_shop_grove
Snake:4:  grunt_snake_rune_spirals, layout_onion, basic_altar, st_stairs_3,
          grunt_ministairs_3, serial_bayou_shore_b
Orc:1:    layout_caves, uniq_urug
Orc:2:    pubby_orc_utopia, uniq_rupert
Elf:1:    eino_elf_arrival_customs, layout_rooms, minmay_elf_necromancy,
          grunt_megastairs_3, uniq_roxanne
Elf:2:    layout_geoelf_octagon, minmay_elf_annihilation
Elf:3:    minmay_elf_hall_quartered_circle, layout_geoelf_grid

Skill      XL: |  1  2  3  4  5  6  7  8  9 10 11 12 13 14 15 16 17 18 19 20 |
---------------+-------------------------------------------------------------+-----
Shields        | 4 5 6 7 9 11 12 14 16 17 19 20 22 23 25 | 25.6
Long Blades    | 3 4 5 7 9 10 12 13 14 15 16 17 18 19 | 19.7
Armour         | 4 5 6 7 8 10 11 12 13 14 15 | 15.6
Fighting       | 4 5 7 8 9 10 12 13 14 15 17 18 19 | 19.1
Dodging        | 1 2 3 4 5 6 7 8 9 10 | 10.1
Stealth        | 1 2 |  2.8
Invocations    | 1 2 3 |  3.6
Evocations     | 1 |  1.1
Axes           | |  0.4

Action                   |  1- 3 |  4- 6 |  7- 9 | 10-12 | 13-15 | 16-18 | 19-21 || total
-------------------------+-------+-------+-------+-------+-------+-------+-------++-------
Melee: Long sword        |    80 |   188 |   398 |   622 |   222 |       |       ||  1510
       Headbutt          |     7 |    35 |    74 |   193 |   515 |   643 |   325 ||  1792
       Demon blade       |       |       |       |       |  1230 |  1814 |   878 ||  3922
       Hand axe          |       |       |       |       |    14 |       |       ||    14
       Double sword      |       |       |       |       |       |    13 |       ||    13
Invok: Heroism           |       |       |     3 |    13 |    11 |     4 |     2 ||    33
       Finesse           |       |       |       |     1 |       |     1 |       ||     2
Evoke: Wand              |       |       |       |       |     3 |     7 |     1 ||    11
  Use: Scroll            |       |     6 |     4 |     6 |    13 |     6 |     8 ||    43
       Potion            |       |     4 |     1 |     1 |     2 |     4 |     3 ||    15
 Stab: Confused          |       |       |       |       |       |     1 |       ||     1
  Eat: Chunk             |       |     6 |    11 |    11 |    34 |    24 |     8 ||    94
       Ration            |       |       |       |     2 |     1 |     5 |     3 ||    11
Armor: Scale mail        |    45 |    72 |    21 |       |       |       |       ||   138
       Fire dragon scale |       |       |   112 |   169 |    71 |       |       ||   352
       Plate armour      |       |       |       |       |   137 |       |       ||   137
       Skin              |       |       |       |       |     2 |       |       ||     2
       Chain mail        |       |       |       |       |   146 |   431 |   138 ||   715
Dodge: Dodged            |    29 |    58 |   114 |   151 |   406 |   531 |   197 ||  1486
Block: Shield            |    63 |   107 |   223 |    82 |       |       |       ||   475
       Large shield      |       |       |       |   407 |  1631 |  2091 |   861 ||  4990
       Rpst.: Long sword |     8 |    18 |    25 |    29 |    25 |       |       ||   105
       Demon blade       |       |       |       |       |    61 |    75 |    29 ||   165
